 Dungeon Crawl Stone Soup version 0.31-a0-271-gb88eb75e06 (webtiles) character file.

Game seed: 12342674926088446208

18 Maratek the Covered (level 2, 0/20 HPs)
             Began as a Gnoll Wanderer on July 14, 2023.
             Slain by a quokka (4 damage)
             ... on level 1 of the Dungeon.
             The game lasted 00:00:47 (187 turns).

Maratek the Covered (Gnoll Wanderer)                 Turns: 187, Time: 00:00:49

Health: 0/20       AC:  7    Str: 12    XL:     2   Next: 70%
Magic:  5/5        EV:  9    Int: 11    God:
Gold:   0          SH:  0    Dex: 10    Spells: 5/6 levels left

rFire   . . .        a - +0 club
rCold   . . .        (no shield)
rNeg    . . .        c - +0 scale mail
rPois   .            (no helmet)
rElec   .            (no cloak)
rCorr   .            (no gloves)
SInv    .            (no boots)
Will    .....        (no amulet) Stlth
                     (no ring)
HPRegen 0.23/turn    (no ring)
MPRegen 0.09/turn

%: no passive effects
@: no status effects
A: fangs 1, strong nose, distributed training
a: no special abilities


You were on level 1 of the Dungeon.
You visited 1 branch of the dungeon, and saw 1 of its levels.

Inventory:

Hand Weapons
 a - a +0 club (weapon)
Armour
 c - a +0 scale mail (worn)
Potions
 b - a potion of lignification
 d - a potion of magic {unknown}


   Skills:
 + Level 0.5 Fighting
 + Level 0.5 Short Blades
 + Level 0.5 Long Blades
 + Level 0.5 Axes
 + Level 0.5 Maces & Flails
 + Level 0.5 Polearms
 + Level 0.5 Staves
 + Level 0.5 Ranged Weapons
 + Level 0.5 Throwing
 + Level 6.5 Armour
 + Level 0.5 Dodging
 + Level 2.3 Stealth
 + Level 0.5 Shields
 + Level 0.5 Unarmed Combat
 + Level 2.7 Spellcasting
 + Level 3.7 Conjurations
 + Level 5.3 Hexes
 + Level 0.3 Summonings
 + Level 0.3 Necromancy
 + Level 0.3 Translocations
 + Level 0.3 Transmutations
 + Level 0.3 Fire Magic
 + Level 0.3 Ice Magic
 + Level 0.3 Air Magic
 + Level 0.3 Earth Magic
 + Level 0.3 Poison Magic
 + Level 0.6 Invocations
 + Level 0.5 Evocations
 + Level 0.3 Shapeshifting


You had 5 spell levels left.
You knew the following spells:

 Your Spells              Type           Power      Damage    Failure   Level
a - Slow                  Hex            52%        N/A       13%         1

Your spell library contained the following spells:

 Spells                   Type           Power      Damage    Failure   Level
 Momentum Strike          Conj/Tloc      10%        3d8       61%         2
 Static Discharge         Conj/Air       10%        2-3/arc   61%         2
 Summon Guardian Golem    Hex/Summ       7%         N/A       73%         3
 Anguish                  Hex/Necr       3%         N/A       98%         4


Dungeon Overview and Level Annotations

Branches:
Dungeon (1/15)

Altars:

Shops:
D:1 ?


Innate Abilities, Weirdness & Mutations

You have very sharp teeth.
Your uncanny sense of smell can sniff out nearby items.
Your experience applies equally to all skills.


Message History

Your bite misses the rat.
You hear a shout!
The rat misses you. The rat closely misses you.
You hit the rat but do no damage. The rat bites you but does no damage.
The rat closely misses you. The rat bites you. The rat closely misses you.
You closely miss the rat. The kobold hits you with a +0 club.
The rat bites you. The rat closely misses you.
You barely miss the rat. The kobold hits you with a +0 club. The rat bites you.
The rat barely misses you.
You barely miss the rat.
A bat comes into view.
The kobold hits you with a +0 club. The rat closely misses you.
The rat bites you but does no damage.
You barely miss the rat. The rat barely misses you.
The kobold hits you but does no damage. The rat bites you but does no damage.
A goblin comes into view. It is wielding a +0 dagger.
The rat barely misses you. The kobold hits you but does no damage.
The rat bites you.
* * * LOW HITPOINT WARNING * * *
You hit the rat.
You kill the rat!
The bat misses you. The rat completely misses you.
The kobold closely misses you.
You barely miss the quokka. Your bite misses the quokka.
The bat hits you but does no damage. The bat closely misses you.
The bat barely misses you. The quokka closely misses you.
A bat comes into view.
The kobold hits you but does no damage. The rat barely misses you.
The quokka bites you but does no damage.
You closely miss the quokka. The bat hits you but does no damage.
The kobold hits you but does no damage. The rat barely misses you.
The quokka barely misses you. The bat hits you but does no damage.
You closely miss the quokka. You bite the quokka, but do no damage.
The bat hits you but does no damage. The quokka closely misses you.
The bat closely misses you. The kobold hits you but does no damage.
The rat bites you.
* * * LOW HITPOINT WARNING * * *
A quokka comes into view.
The quokka bites you.
You die...

. ..∩
#########..#
#.@r.......#
#bbrK.....#.#
#.....###r.#..#
#.#...#∆#..# .#
$..g.##. #....
.. ###... #
...... #. #..##
....... ...
......#


You could see 2 quokkas, a goblin, 2 bats, a kobold and a rat.

Vanquished Creatures
  3 dart slugs (D:1)
  2 giant cockroaches (D:1)
  A hobgoblin (D:1)
  4 jackals (D:1)
  A rat (D:1)
11 creatures vanquished.

Notes
Turn   | Place    | Note
-------+----------+-------------------------------------------
     0 | D:1      | Maratek the Gnoll Wanderer began the quest for the Orb.
     0 | D:1      | Maratek set off with the following items: a +0 club, a
                  | potion of lignification, a +0 scale mail; and the following
                  | spell memorised: Slow; and the following spells available
                  | to memorise: Momentum Strike, Static Discharge, Summon
                  | Guardian Golem, Anguish.
     0 | D:1      | Reached XP level 1. HP: 13/13 MP: 4/4
    52 | D:1      | Reached XP level 2. HP: 19/19 MP: 5/5
   171 | D:1      | Found Kuatyaney's Magic Scroll Shoppe.
   187 | D:1      | Slain by a quokka

Illustrated notes

Levels and vault maps discovered:
D:1:      lightli_arrival_chessboard, layout_loops_corners, serial_shops,
          nicolae_shop_stone, shop, minmay_vboxes

Action                     || total
---------------------------++-------
  Melee: Club              ||    70
         Bite              ||    11
         Punch             ||     1
   Cast: Slow              ||     1
 Armour: Scale mail        ||    51
  Dodge: Dodged            ||    50

Table legend: (Time is in decaauts)
 A = Elapsed time spent in this place.
 B = Non-inter-level travel time spent in this place.
 C = Inter-level travel time spent in this place.
 D = Time resting spent in this place.
 E = Time spent auto-exploring this place.
 F = Levels seen in this place.
 G = Mean time per level.
                   A        B        C        D        E       F      G
               +--------+--------+--------+--------+--------+-----+--------+
         Total |    206 |    206 |      0 |      0 |     91 |   1 |  206.0 |
       Dungeon |    206 |    206 |      0 |      0 |     91 |   1 |  206.0 |
               +--------+--------+--------+--------+--------+-----+--------+

Top non-repeatable levels by time:
     D:1: 206 daAuts
